 Dungeon Crawl Stone Soup version 0.30.1-11-g7821555f0a (webtiles) character file.

Game seed: 1390234533768835002

1 Martial the Vexing (level 1, 0/7 HPs)
             Began as a Felid Enchanter on Nov 1, 2023.
             Slain by a kobold
             ... wielding a +0 club
              (3 damage)
             ... on level 1 of the Dungeon.
             The game lasted 00:00:12 (37 turns).

Martial the Vexing (Felid Enchanter)                  Turns: 37, Time: 00:00:12

Health: 0/7        AC:  1    Str:  4    XL:     1   Next: 16%
Magic:  4/4        EV: 17    Int: 16    God:
Gold:   0          SH:  0    Dex: 16    Spells: 4/4 levels left
                                        Lives:  0   Deaths: 0

rFire   . .          .
                       - Unarmed
rCold   . . .        (shield unavailable)
rNeg    . . .        (body armour unavailable)
rPois   .            (helmet unavailable)
rElec   .            (cloak unavailable)
rCorr   .            (gloves unavailable)
SInv    +            (boots unavailable)
Will    .....        (no amulet)
Stlth   +++          (no ring)
HPRegen 0.21/turn    (no ring)
MPRegen 0.09/turn

%: no passive effects
@: quick
A: very small, claws 1, fangs 3, see invisible, speed 1, shaggy fur 1, stealthy
paws, no weapons or thrown items, no armour, multi-lived
a: no special abilities


You were on level 1 of the Dungeon.
You visited 1 branch of the dungeon, and saw 1 of its levels.

Inventory:

Scrolls
 b - a scroll of identify {unknown}
Potions
 a - 2 potions of invisibility


   Skills:
 * Level 2.7 Dodging
 * Level 4.0 Stealth
 * Level 1.0 Unarmed Combat
 * Level 2.0 Spellcasting
 * Level 4.4 Hexes


You had 4 spell levels left.
You didn't know any spells.
Your spell library contained the following spells:

 Spells                   Type           Power      Damage    Failure   Level
 Confusing Touch          Hex            15%        N/A       10%         3
 Tukima's Dance           Hex            15%        N/A       10%         3
 Ensorcelled Hibernation  Hex/Ice        16%        N/A       13%         2
 Dazzling Flash           Conj/Hex       16%        N/A       26%         3


Dungeon Overview and Level Annotations

Branches:
Dungeon (1/15)

Altars:


Innate Abilities, Weirdness & Mutations

You have sharp claws.
You have razor-sharp teeth.
You have supernaturally acute eyesight. (SInv)
You cover ground quickly. (Speed+)
You are covered in fur. (AC +1)
Your paws help you pounce on unaware monsters.
You are incapable of wielding weapons or throwing items.
You cannot wear armour.
You gain extra lives every three experience levels.


Message History

Welcome, Martial the Felid Enchanter.
You feel drawn to the Orb of Zot, downwards into the unfathomable depths...
Press ? for a list of commands and other information.
Found a staircase leading out of the dungeon.
You enter the shallow water.
Moving in this stuff is going to be slow.
There is a staircase leading out of the dungeon here.
You enter the shallow water.
Moving in this stuff is going to be slow.
As you open the door, it creaks loudly!
There is an open door here.
An endoplasm and a kobold come into view.
Found a dagger.
The endoplasm quivers.
You see here a scroll labelled RAGOHO ENEF.
b - a scroll labelled RAGOHO ENEF The kobold shouts!
The kobold throws a stone.
The stone barely misses you. The endoplasm misses you.
You scratch the endoplasm but do no damage.
The endoplasm closely misses you.
You scratch the endoplasm.
The endoplasm is moderately wounded.
The endoplasm completely misses you.
You scratch the endoplasm.
The endoplasm is almost dead.
You scratch the endoplasm.
You kill the endoplasm!
The kobold throws a stone.
The stone hits you. The kobold hits you with a +0 club.
You scratch the kobold but do no damage.
The kobold barely misses you.
You barely miss the kobold. The kobold hits you with a +0 club.
You die...

#~~~#~ #≈##~#
###~~#~#
##.'≈<#~#
#..#~~~~#
#.##≈##~#
#.##≈≈~~#
#.####### #@#
#K# #######.##
...K.....#
.........#
................
)..........#####
.............
.......$.#####


You could see a kobold.

Vanquished Creatures
  An endoplasm (D:1)
1 creature vanquished.

Notes
Turn   | Place    | Note
-------+----------+-------------------------------------------
     0 | D:1      | Martial the Felid Enchanter began the quest for the Orb.
     0 | D:1      | Reached XP level 1. HP: 7/7 MP: 4/4
    37 | D:1      | Slain by a kobold

Illustrated notes

Levels and vault maps discovered:
D:1:      ncdulo_wetmaze, layout_rooms

Action                     || total
---------------------------++-------
  Melee: Unarmed           ||     6
  Dodge: Dodged            ||     5
